[Event "December 5 Early 2023"]
[Site "https://www.chess.com"]
[Date "2023.12.05"]
[Round "10"]
[White "De Souza, Cristiano Gomes"]
[Black "Spichkin, Alexander"]
[Result "1/2-1/2"]
[Board "138"]
[TimeControl "180+1"]
[WhiteFideId "2151758"]
[BlackFideId "4144074"]
[WhiteElo "2255"]
[BlackElo "2342"]
[WhiteTeam "BRA"]
[BlackTeam "RUS"]
[WhiteClock "0:00:15"]
[BlackClock "0:00:17"]

1. d4 e6 2. c4 f5 3. Nf3 Nf6 4. g3 d6 5. Bg2 Be7 6. O-O O-O 7. Nc3 a5 8. b3 Ne4 9. Bb2 Nxc3 10. Bxc3 Qe8 11. Qd3 Qh5 12. e4 f4 13. Rae1 Nd7 14. e5 d5 15. cxd5 exd5 16. e6 Nf6 17. Re5 Qh6 18. Bd2 Ng4 19. Rxd5 Bxe6 20. Rb5 Bd6 21. Rxb7 Bd5 22. h3 Bxb7 23. hxg4 Rae8 24. g5 Qh5 25. gxf4 Be4 26. Qc4+ Kh8 27. Ne5 Bxg2 28. Kxg2 Bxe5 29. dxe5 Qg4+ 30. Kh2 Rd8 31. Be3 Rd7 32. Rg1 Qh5+ 33. Kg2 Qg4+ 34. Kh2 Qh4+ 35. Kg2 Rfd8 36. Qe6 Qh5 37. Rh1 Qe8 38. Qxe8+ Rxe8 39. Rc1 Kg8 40. Rc5 Ra8 41. e6 Re7 42. f5 g6 43. fxg6 hxg6 44. Bf4 Ra7 45. Kf3 Rxe6 46. Bxc7 a4 47. b4 Kf7 48. Ba5 Rd6 49. Ke4 Ke6 50. f4 Rad7 51. Re5+ Kf7 52. f5 Rd4+ 53. Ke3 gxf5 54. Rxf5+ Kg6 55. Rc5 Rd3+ 56. Ke4 R7d4+ 57. Ke5 Kxg5 58. Ke6+ Kf4 59. b5 Re4+ 60. Kf6 Kg4 61. b6 Rf3+ 62. Kg6 Re7 63. Rg5+ Kh3 64. Kh6 Rf6+ 65. Rg6 Rff7 66. Rc6 Rh7+ 67. Kg6 Reg7+ 68. Kf6 Rb7 69. Rc7 Kg4 70. Rxh7 Rxh7 71. Ke6 Kf4 72. Kd6 Ke4 73. Kc6 Kd4 74. b7 Rh6+ 75. Kc7 Rh7+ 76. Kb6 Rh8 77. Ka7 Kc4 78. b8=Q Rxb8 79. Kxb8 a3 80. Bd8 Kd3 81. Be7 Kc2 82. Bxa3 Kb1 83. Bd6 Kxa2 1/2-1/2

[Event "December 5 Early 2023"]
[Site "https://www.chess.com"]
[Date "2023.12.05"]
[Round "10"]
[White "Tarasova, Viktoriya"]
[Black "Ernst, Luca"]
[Result "0-1"]
[Board "139"]
[TimeControl "180+1"]
[WhiteFideId "4175840"]
[BlackFideId "45117055"]
[WhiteElo "2317"]
[BlackElo "2243"]
[WhiteTeam "RUS"]
[BlackTeam "FRA"]
[WhiteClock "0:00:41"]
[BlackClock "0:00:04"]

1. d4 Nf6 2. c4 g6 3. Nc3 d5 4. cxd5 Nxd5 5. g3 Bg7 6. Bg2 Nxc3 7. bxc3 c5 8. e3 O-O 9. Ne2 Nc6 10. O-O Qc7 11. Nf4 e6 12. Ba3 b6 13. Qa4 Bb7 14. dxc5 Rfc8 15. Rad1 Bxc3 16. Qb3 Be5 17. Nd3 Bg7 18. cxb6 axb6 19. Rc1 Qd8 20. Rfd1 Na5 21. Qb1 Bxg2 22. Kxg2 Qd5+ 23. f3 Nc4 24. Rxc4 Qxc4 25. Bd6 Rxa2+ 26. Kg1 Qc2 27. Qxc2 Rcxc2 28. Nf4 e5 29. Be7 h5 30. Nh3 Bh6 31. Bf6 Rg2+ 32. Kf1 Rxh2 33. Rd8+ Bf8 34. Kg1 Rhb2 35. Nf2 Rb1+ 36. Kg2 Rbb2 37. Be7 Rxf2+ 38. Kg1 Rfd2 39. Rxf8+ Kg7 0-1

[Event "December 5 Early 2023"]
[Site "https://www.chess.com"]
[Date "2023.12.05"]
[Round "10"]
[White "Fernandez Hernandez, Gerardo"]
[Black "Korol, Dimitry"]
[Result "0-1"]
[Board "140"]
[TimeControl "180+1"]
[WhiteFideId "2207400"]
[BlackFideId "14108003"]
[WhiteElo "2219"]
[BlackElo "2286"]
[WhiteTeam "ESP"]
[BlackTeam "UKR"]
[WhiteClock "0:00:00"]
[BlackClock "0:00:04"]

1. e4 c5 2. d3 g6 3. g3 Bg7 4. Bg2 Nc6 5. f4 d6 6. Nf3 e5 7. O-O Nge7 8. f5 gxf5 9. Nh4 f4 10. Qh5 Nd4 11. Na3 Ng6 12. Nf5 Bf6 13. c3 Nxf5 14. exf5 Ne7 15. gxf4 Bxf5 16. Bxb7 Rg8+ 17. Kh1 Rb8 18. Bc6+ Kf8 19. Be4 Qd7 20. Be3 Bg4 21. Qxh7 Bg7 22. Rg1 Rh8 23. Qxg7+ Kxg7 24. Rxg4+ Qxg4 25. Rg1 Qxg1+ 26. Kxg1 Rxb2 27. Nc4 Rxa2 28. Nxd6 f5 29. Nxf5+ Kf6 30. fxe5+ Kxe5 31. Nxe7 Rb8 0-1

[Event "December 5 Early 2023"]
[Site "https://www.chess.com"]
[Date "2023.12.05"]
[Round "10"]
[White "Vifleemskaia, Svetlana"]
[Black "NastyaHn"]
[Result "0-1"]
[Board "141"]
[TimeControl "180+1"]
[WhiteFideId "4129490"]
[WhiteElo "2257"]
[BlackElo "2207"]
[WhiteTeam "RUS"]
[WhiteClock "0:00:00"]
[BlackClock "0:00:04"]

1. d4 d5 2. c4 e6 3. Nc3 Nf6 4. cxd5 exd5 5. Bg5 Be7 6. e3 c6 7. Bd3 O-O 8. Nge2 h6 9. Bh4 Re8 10. f3 Nbd7 11. O-O Nf8 12. Bf2 Bd6 13. Kh1 Bc7 14. e4 dxe4 15. fxe4 Ng4 16. Bg1 Bxh2 17. g3 Bxg1 18. Kxg1 Ne3 19. Qd2 Nxf1 20. Rxf1 Qg5 21. Qe1 Qe3+ 22. Qf2 Qxf2+ 23. Rxf2 Bg4 24. Nf4 Rad8 25. d5 cxd5 26. exd5 Re3 27. Be4 Rxg3+ 28. Kh2 Re3 29. Rd2 Nd7 30. d6 Nf6 31. Bg2 Bf3 32. Bh3 g5 33. Nfe2 Bxe2 34. Nxe2 Ne4 35. Rc2 Rxd6 36. Bf5 Nf6 37. Ng3 Kg7 38. Bc8 Re5 39. Nf5+ Rxf5 40. Bxf5 Rd5 41. Bc8 Rd8 42. Bxb7 h5 43. Bg2 g4 44. Rc5 Kg6 45. Kg3 Rd3+ 46. Kf4 Rd2 47. Bf1 Rf2+ 0-1

[Event "December 5 Early 2023"]
[Site "https://www.chess.com"]
[Date "2023.12.05"]
[Round "10"]
[White "Chirivi C, Jenny Astrid"]
[Black "Mende, Andreas"]
[Result "1-0"]
[Board "142"]
[TimeControl "180+1"]
[WhiteFideId "4403061"]
[BlackFideId "4631102"]
[WhiteElo "2255"]
[BlackElo "2096"]
[WhiteTeam "COL"]
[BlackTeam "GER"]
[WhiteClock "0:00:25"]
[BlackClock "0:00:00"]

1. d4 Nf6 2. c4 g6 3. Nc3 d5 4. Nf3 Bg7 5. Qb3 dxc4 6. Qxc4 O-O 7. e4 a6 8. e5 b5 9. Qb3 Nfd7 10. Qd5 Nb6 11. Qxd8 Rxd8 12. Ne4 Nc6 13. Be3 Bg4 14. O-O-O Bxf3 15. gxf3 Nd5 16. Be2 Ncb4 17. a3 Nxe3 18. fxe3 Nd5 19. Kd2 Bh6 20. f4 f5 21. Nc5 Kf7 22. Bf3 e6 23. h4 Ra7 24. Ke2 Nb6 25. b3 Nd7 26. Nd3 Bf8 27. b4 Nb6 28. h5 Nc4 29. hxg6+ hxg6 30. Rh7+ Bg7 31. Rg1 Rh8 32. Rxh8 Bxh8 33. Ra1 Bg7 34. e4 Bf8 35. d5 1-0

[Event "December 5 Early 2023"]
[Site "https://www.chess.com"]
[Date "2023.12.05"]
[Round "10"]
[White "Florianovitz, Derlei Alex"]
[Black "Kononenko, Dmitry"]
[Result "0-1"]
[Board "143"]
[TimeControl "180+1"]
[WhiteFideId "2114178"]
[BlackFideId "14113538"]
[WhiteElo "2198"]
[BlackElo "2557"]
[WhiteTeam "BRA"]
[BlackTeam "UKR"]
[WhiteClock "0:02:05"]
[BlackClock "0:02:18"]

1. e4 e5 2. Nf3 Nf6 3. Nxe5 d6 4. Nf3 Nxe4 5. Nc3 Nxc3 6. dxc3 Be7 7. Bd3 Nc6 8. Be3 O-O 9. Qd2 Be6 10. O-O-O Bxa2 11. b3 a5 12. Kb2 a4 13. Kxa2 axb3+ 14. Kxb3 Ra5 15. Ra1 Qa8 16. Kb2 Bf6 17. Rxa5 Qxa5 18. Ra1 Qb4+ 19. Kc1 Bxc3 20. Rb1 Bxd2+ 21. Bxd2 Qa3+ 22. Kd1 Re8 23. Rxb7 Qa1+ 24. Bc1 Nd4 25. Nd2 Re1+ 26. Kxe1 Qxc1# 0-1

[Event "December 5 Early 2023"]
[Site "https://www.chess.com"]
[Date "2023.12.05"]
[Round "10"]
[White "Viskelis, Darius"]
[Black "Pertinez Soria, Juan Luis"]
[Result "1/2-1/2"]
[Board "144"]
[TimeControl "180+1"]
[WhiteFideId "12800830"]
[BlackFideId "2225620"]
[WhiteElo "2356"]
[BlackElo "2161"]
[WhiteTeam "LTU"]
[BlackTeam "ESP"]
[WhiteClock "0:00:42"]
[BlackClock "0:00:34"]

1. e4 c5 2. d4 cxd4 3. c3 d3 4. Bxd3 Nc6 5. c4 Nf6 6. Nc3 d6 7. Nf3 g6 8. O-O Bg7 9. Bg5 O-O 10. h3 a6 11. Qd2 Qa5 12. Rfd1 Re8 13. a3 Bd7 14. b4 Qd8 15. Rac1 Rc8 16. Nd5 Nxd5 17. exd5 Ne5 18. Nxe5 Bxe5 19. Re1 b5 20. c5 Rc7 21. Rxe5 dxe5 22. d6 Ra7 23. dxe7 Rxe7 24. Bxe7 Qxe7 25. Be4 Bc8 26. Qd6 Kf8 27. Rd1 Rd7 28. Qxe7+ Kxe7 29. Rxd7+ Kxd7 30. Kf1 Ke6 31. Ke2 f5 32. Ba8 e4 33. Ke3 Ke5 34. g3 g5 35. h4 h6 36. hxg5 hxg5 37. f4+ exf3 38. Kxf3 Kd4 39. c6 f4 40. gxf4 gxf4 41. Bb7 Bh3 42. c7 Kc3 43. Bxa6 Kb3 44. Bxb5 Kxa3 45. Bf1 Bc8 46. b5 Kb4 47. b6 Ka5 48. Bh3 Bb7+ 49. Kxf4 Kxb6 50. c8=Q Bxc8 1/2-1/2

[Event "December 5 Early 2023"]
[Site "https://www.chess.com"]
[Date "2023.12.05"]
[Round "10"]
[White "Biriukov, Ilja"]
[Black "Zampronha, Wladimir Camilo"]
[Result "0-1"]
[Board "145"]
[TimeControl "180+1"]
[WhiteFideId "4113373"]
[BlackFideId "2103087"]
[WhiteElo "2137"]
[BlackElo "2355"]
[WhiteTeam "RUS"]
[BlackTeam "BRA"]
[WhiteClock "0:00:00"]
[BlackClock "0:00:18"]

1. d4 Nf6 2. Nc3 d5 3. Bf4 a6 4. Qd2 e6 5. f3 c5 6. e3 cxd4 7. exd4 Nc6 8. g4 Bd6 9. Nh3 O-O 10. O-O-O b5 11. Bd3 Bb7 12. g5 Nh5 13. Bxd6 Qxd6 14. f4 g6 15. Be2 Ng7 16. Bg4 Rac8 17. Kb1 Rc7 18. Ne2 Rfc8 19. Nf2 Ne7 20. c3 a5 21. h4 b4 22. h5 Ba6 23. hxg6 hxg6 24. Nd3 Bxd3+ 25. Qxd3 bxc3 26. Nxc3 Qb4 27. Qh3 Kf8 28. Rd3 a4 29. a3 Qb3 30. Bd1 Qb6 31. Nxa4 Qa5 32. Nc5 Rb8 33. Rb3 Rxb3 34. Qxb3 Qd2 35. Qb8+ Ne8 36. Rh8+ Ng8 37. Rxg8+ Kxg8 38. Qxe8+ Kg7 39. Qa4 Qxf4 40. Qb4 Qxg5 41. Bb3 Qe7 42. Qd2 e5 43. Nd3 exd4 44. Nb4 Rd7 45. Qxd4+ Qf6 46. Nxd5 Qxd4 0-1

[Event "December 5 Early 2023"]
[Site "https://www.chess.com"]
[Date "2023.12.05"]
[Round "10"]
[White "Fakhretdinova, Margarita"]
[Black "Ghosh, Chanchal Kumer"]
[Result "0-1"]
[Board "146"]
[TimeControl "180+1"]
[WhiteFideId "24103667"]
[BlackFideId "10201858"]
[WhiteElo "2296"]
[BlackElo "2066"]
[WhiteTeam "RUS"]
[BlackTeam "BAN"]
[WhiteClock "0:00:30"]
[BlackClock "0:00:47"]

1. e4 c5 2. Nf3 d6 3. d4 cxd4 4. Nxd4 Nf6 5. Nc3 a6 6. f3 e5 7. Nb3 Be7 8. Be3 Be6 9. Qd2 O-O 10. O-O-O Nbd7 11. Qf2 b5 12. g4 Rc8 13. g5 Nh5 14. Rg1 Nf4 15. h4 b4 16. Ne2 Nh5 17. Ng3 Nxg3 18. Rxg3 a5 19. Kb1 a4 20. Nc1 a3 21. b3 Qc7 22. h5 d5 23. exd5 Bf5 24. Bd3 Qc3 25. Bd4 exd4 26. Ne2 Qb2# 0-1

[Event "December 5 Early 2023"]
[Site "https://www.chess.com"]
[Date "2023.12.05"]
[Round "10"]
[White "Sarkar, Justin"]
[Black "Subramanian, Anusha"]
[Result "1-0"]
[Board "147"]
[TimeControl "180+1"]
[WhiteFideId "2010011"]
[BlackFideId "477710"]
[WhiteElo "2281"]
[BlackElo "2041"]
[WhiteTeam "USA"]
[BlackTeam "ENG"]
[WhiteClock "0:00:47"]
[BlackClock "0:00:00"]

1. d4 Nf6 2. c4 e6 3. Nf3 d5 4. Nc3 Bb4 5. Bg5 dxc4 6. e4 h6 7. Bxf6 Qxf6 8. Bxc4 O-O 9. O-O c5 10. e5 Qe7 11. Ne4 Nc6 12. a3 Ba5 13. dxc5 b6 14. b4 bxc5 15. bxa5 Nxa5 16. Be2 Bb7 17. Qc2 Rac8 18. Nd6 Rc7 19. Rab1 Bxf3 20. Bxf3 f6 21. Qc3 fxe5 22. Qxe5 Nc6 23. Bxc6 Rxc6 24. Ne4 Rf5 25. Qb8+ Rf8 26. Qg3 c4 27. Rfc1 Rfc8 28. Rc3 e5 29. h3 Qe6 30. Rd1 Qf5 31. Qe3 Rf8 32. Rd5 Re6 33. Rxc4 Qf7 34. Rcc5 Qb7 35. Rb5 Qc6 36. Qc5 Qe8 37. Rxe5 Qg6 38. Rxe6 Qxe6 39. Qd5 Qxd5 40. Rxd5 Re8 41. f3 Kh7 42. Rd7 a5 43. Nf6+ Kg6 44. Nxe8 Kf5 45. Rxg7 1-0

[Event "December 5 Early 2023"]
[Site "https://www.chess.com"]
[Date "2023.12.05"]
[Round "10"]
[White "Smirnov, Timofey"]
[Black "Clawitter, Craig"]
[Result "1-0"]
[Board "148"]
[TimeControl "180+1"]
[WhiteFideId "24176427"]
[BlackFideId "2023105"]
[WhiteElo "2047"]
[BlackElo "2237"]
[WhiteTeam "RUS"]
[BlackTeam "USA"]
[WhiteClock "0:00:34"]
[BlackClock "0:00:00"]

1. d4 e6 2. Bf4 Nf6 3. e3 c5 4. c3 b6 5. Nd2 Bb7 6. Ngf3 Be7 7. Be2 Nh5 8. Bg3 g6 9. Ne5 Nxg3 10. hxg3 d6 11. Nef3 O-O 12. a4 cxd4 13. exd4 a6 14. Qb3 Re8 15. Bd3 Nd7 16. Rc1 Rb8 17. Nc4 b5 18. axb5 axb5 19. Ncd2 b4 20. O-O bxc3 21. Qxc3 Bd5 22. Bc4 Nb6 23. b3 Rc8 24. Qb2 Rc7 25. Bxd5 Nxd5 26. Rxc7 Qxc7 27. Rc1 Qb7 28. Nc4 Rb8 29. Rb1 Qb4 30. Qd2 Nc3 31. Rb2 d5 32. Nce5 Ne4 33. Qxb4 Bxb4 34. Nc6 Rb6 35. Nxb4 Rxb4 36. Ne5 Rxd4 37. b4 Rd1+ 38. Kh2 Rd2 39. Rb1 Rxf2 40. b5 Nc3 41. Rb3 d4 42. Nd3 Rd2 43. Nc5 Nd5 44. b6 Nxb6 45. Rxb6 e5 46. Nd7 1-0

[Event "December 5 Early 2023"]
[Site "https://www.chess.com"]
[Date "2023.12.05"]
[Round "10"]
[White "Osiecki, Stanislaw"]
[Black "Reinecke, Katharina"]
[Result "1-0"]
[Board "149"]
[TimeControl "180+1"]
[WhiteFideId "1102990"]
[BlackFideId "12929727"]
[WhiteElo "2113"]
[BlackElo "2022"]
[WhiteTeam "POL"]
[BlackTeam "GER"]
[WhiteClock "0:01:14"]
[BlackClock "0:00:16"]

1. e4 c6 2. d4 d5 3. e5 Bf5 4. c3 e6 5. Bd3 Bxd3 6. Qxd3 Ne7 7. Ne2 Nf5 8. Ng3 g6 9. Nxf5 gxf5 10. O-O Be7 11. b4 Nd7 12. Bf4 Nf8 13. Nd2 Ng6 14. Qf3 h5 15. Kh1 Nh4 16. Qe2 Rg8 17. Rg1 Bg5 18. Bxg5 Qxg5 19. Nf3 Nxf3 20. Qxf3 Qg4 21. Qxg4 hxg4 22. Rgb1 Kd7 23. a4 Rh8 24. Kg1 b6 25. b5 c5 26. dxc5 bxc5 27. a5 Rab8 28. b6 axb6 29. axb6 Rb7 30. f3 gxf3 31. gxf3 Rhb8 32. Kg2 Kc6 33. Ra7 c4 34. h4 Rg8+ 35. Kh3 f4 36. h5 Rg3+ 37. Kh4 Rxf3 38. h6 Rf2 39. Rh1 Kxb6 40. Rxb7+ Kxb7 41. h7 Rc2 42. h8=Q Rxc3 43. Qg7 Kc6 44. Qxf7 d4 45. Qxe6+ Kb5 46. Rb1+ Kc5 47. Qd6# 1-0

[Event "December 5 Early 2023"]
[Site "https://www.chess.com"]
[Date "2023.12.05"]
[Round "10"]
[White "Saim, Mohamed Ilias"]
[Black "Feliz Dotel, Dewar Bienvenido"]
[Result "1/2-1/2"]
[Board "150"]
[TimeControl "180+1"]
[WhiteFideId "7900465"]
[BlackFideId "6402801"]
[WhiteElo "2001"]
[BlackElo "2071"]
[WhiteTeam "ALG"]
[BlackTeam "DOM"]
[WhiteClock "0:00:07"]
[BlackClock "0:00:02"]

1. d4 d5 2. Nf3 e6 3. e3 Nf6 4. c4 Be7 5. Nbd2 O-O 6. Bd3 dxc4 7. Nxc4 a6 8. Bd2 Nbd7 9. O-O c5 10. Rc1 b5 11. Nce5 Bb7 12. Nxd7 Qxd7 13. Ne5 Qd5 14. Nf3 cxd4 15. exd4 Rac8 16. Qe2 Qh5 17. Ne5 Qxe2 18. Bxe2 Bd5 19. b3 Ba3 20. Rxc8 Rxc8 21. Bd3 Be4 22. Bxe4 Nxe4 23. Bf4 Rc2 24. Re1 Rxa2 25. h4 Nf6 26. Bc1 Ra1 27. Bd2 Rxe1+ 28. Bxe1 Bb2 29. Nc6 Nd5 30. Kf1 Kf8 31. Ke2 Ke8 32. Kd3 Nf4+ 33. Kc2 Ba3 34. b4 Kd7 35. Nb8+ Kc7 36. Nxa6+ Kb6 37. Nc5 Nxg2 38. Bd2 Nxh4 39. Kb3 Nf3 40. Be3 Bxb4 41. Kxb4 Kc6 42. Ne4 Nh4 43. Nc3 Nf5 44. Nxb5 Nxe3 45. fxe3 h5 46. Nc3 h4 47. Ne4 h3 48. Kc3 g5 49. Kd3 f5 50. Ng3 f4 51. exf4 gxf4 52. Nh1 Kd5 53. Ke2 Kxd4 54. Kf3 e5 55. Nf2 h2 56. Kg2 Ke3 57. Ng4+ Ke2 58. Nxe5 f3+ 59. Nxf3 h1=Q+ 60. Kxh1 1/2-1/2

[Event "December 5 Early 2023"]
[Site "https://www.chess.com"]
[Date "2023.12.05"]
[Round "10"]
[White "Skiadopoulos, Nikolaos"]
[Black "Teumer, Joerg, Dr."]
[Result "1/2-1/2"]
[Board "152"]
[TimeControl "180+1"]
[WhiteFideId "4200772"]
[BlackFideId "4643526"]
[WhiteElo "1771"]
[BlackElo "2115"]
[WhiteTeam "GRE"]
[BlackTeam "GER"]
[WhiteClock "0:00:13"]
[BlackClock "0:00:02"]

1. e4 d5 2. d4 dxe4 3. Nc3 Nf6 4. f3 exf3 5. Qxf3 c6 6. h3 Nd5 7. Bd2 e6 8. O-O-O Be7 9. Bd3 Nd7 10. Nge2 Nxc3 11. Nxc3 Nf6 12. Be3 Bb4 13. Ne4 Nxe4 14. Bxe4 Bd7 15. Rhf1 Qe7 16. Qg3 f6 17. Bxh7 O-O-O 18. Bd3 Bd6 19. Bf4 Bxf4+ 20. Qxf4 Be8 21. c3 Qd6 22. Qxd6 Rxd6 23. Rde1 Bf7 24. Bc4 Re8 25. Re3 Kc7 26. Rfe1 a5 27. a4 b6 28. Kd2 Kd7 29. Kc1 Re7 30. R3e2 Bg6 31. Re3 Bf5 32. Bd3 Bxd3 33. Rxd3 e5 34. Rde3 Rde6 35. dxe5 fxe5 36. Re4 Kd6 37. Kd2 Rf7 38. Ke3 Ref6 39. Rd1+ Ke6 40. b4 axb4 41. Rxb4 Rb7 42. a5 b5 43. c4 Rf4 44. Rdb1 Kd6 45. cxb5 Rxb4 46. Rxb4 cxb5 47. a6 Rb6 48. a7 Ra6 49. Rxb5 Rxa7 50. Rb6+ Kd5 51. Rg6 Ra3+ 52. Kf2 Ra2+ 53. Kg3 e4 54. Rxg7 Ke5 55. Re7+ Kf5 56. h4 Ra3+ 57. Kf2 Kf4 58. Rf7+ Ke5 59. Re7+ Kf5 60. Rf7+ Ke5 61. Re7+ Kf5 62. h5 Ra2+ 63. Kg3 Kg5 64. Rxe4 Kxh5 65. Re5+ Kg6 66. Kf3 Ra3+ 67. Kf4 Ra4+ 68. Re4 Ra2 69. g4 Ra1 70. Re6+ Kg7 71. Rb6 Rf1+ 72. Kg5 Rc1 73. Rb7+ Kg8 74. Kg6 Rc6+ 75. Kh5 Ra6 76. g5 Rc6 77. g6 Rc8 78. Kh6 Kh8 79. Rh7+ Kg8 80. Rg7+ Kh8 81. Rf7 Kg8 82. Rd7 Kh8 83. g7+ Kg8 84. Rd6 Rb8 85. Rf6 Rc8 86. Rf8+ Rxf8 87. gxf8=Q+ Kxf8 1/2-1/2

[Event "December 5 Early 2023"]
[Site "https://www.chess.com"]
[Date "2023.12.05"]
[Round "10"]
[White "Mangialardo, Tiago Carvalho"]
[Black "Vargas, Mauricio"]
[Result "1-0"]
[Board "153"]
[TimeControl "180+1"]
[WhiteFideId "2130718"]
[BlackFideId "4404572"]
[WhiteElo "2083"]
[BlackElo "1834"]
[WhiteTeam "BRA"]
[BlackTeam "COL"]
[WhiteClock "0:00:10"]
[BlackClock "0:00:00"]

1. e4 d5 2. exd5 Qxd5 3. Nc3 Qa5 4. Bc4 c6 5. Nge2 Nf6 6. O-O Bg4 7. Qe1 e6 8. h3 Bf5 9. d3 Nbd7 10. Ng3 Bg6 11. f4 Bd6 12. Bxe6 O-O 13. f5 Bxg3 14. Qxg3 Bh5 15. Bxd7 Nxd7 16. Bh6 Qe5 17. Qg5 Qd4+ 18. Kh1 Qf6 19. Qxh5 Qxh6 20. Qxh6 gxh6 21. Ne4 f6 22. Rae1 Kf7 23. Nd6+ Kg7 24. Re7+ Kh8 25. Rxd7 Rg8 26. Nf7+ Kg7 27. Rf3 Kf8 28. Nxh6 Rg5 29. Rf7+ Ke8 30. Re3+ Kd8 31. Ree7 Rb8 32. Rd7+ Kc8 33. Rc7+ Kd8 34. Rfd7+ Ke8 35. Nf7 1-0

[Event "December 5 Early 2023"]
[Site "https://www.chess.com"]
[Date "2023.12.05"]
[Round "10"]
[White "Kniazev, Igor"]
[Black "Gulamirian, Korun"]
[Result "0-1"]
[Board "154"]
[TimeControl "180+1"]
[WhiteFideId "4136349"]
[BlackFideId "4144899"]
[WhiteElo "2070"]
[BlackElo "1998"]
[WhiteTeam "RUS"]
[BlackTeam "RUS"]
[WhiteClock "0:00:58"]
[BlackClock "0:00:29"]

1. e4 e5 2. Nf3 Nc6 3. Bc4 Nf6 4. Ng5 d5 5. exd5 Na5 6. Bb5+ c6 7. dxc6 bxc6 8. Ba4 Bd7 9. O-O h6 10. Nf3 e4 11. Ne5 Bd6 12. d4 exd3 13. Nxd7 Qxd7 14. Re1+ Be7 15. Qxd3 Rd8 16. Bd2 Nb7 17. Qxd7+ Kxd7 18. Bc3 Rhe8 19. Nd2 Nc5 20. Bb3 Nxb3 21. axb3 Bc5 22. Rxe8 Rxe8 23. Bxf6 gxf6 24. b4 Bb6 25. Nc4 Re2 26. c3 Bxf2+ 27. Kf1 Rc2 28. Rd1+ Ke7 29. Rd2 Rxd2 30. Nxd2 Bb6 31. Ke2 f5 32. Nc4 Bc7 33. h3 h5 34. Kd3 Kf6 35. Kd4 h4 36. Kc5 Kg5 37. Kxc6 Bh2 38. Nd6 f6 39. c4 Kf4 40. c5 Kg3 41. Kd5 Kxg2 42. c6 f4 43. c7 f3 44. c8=Q f2 45. Qg4+ Bg3 46. Qe2 Kg1 47. Qe3 Kg2 48. Qd2 Kg1 49. Qe3 Kg2 50. Qe2 Kg1 51. Nc4 f1=Q 52. Ne3 Qxe2 0-1

[Event "December 5 Early 2023"]
[Site "https://www.chess.com"]
[Date "2023.12.05"]
[Round "11"]
[White "Shimanov, Aleksandr"]
[Black "Aronian, Levon"]
[Result "0-1"]
[Board "1"]
[TimeControl "180+1"]
[WhiteFideId "4198603"]
[BlackFideId "13300474"]
[WhiteElo "2994"]
[BlackElo "3108"]
[WhiteTeam "RUS"]
[BlackTeam "USA"]
[WhiteClock "0:00:00"]
[BlackClock "0:00:20"]

1. d4 d5 2. Bg5 f6 3. Bh4 Nh6 4. f3 Nc6 5. e4 dxe4 6. d5 Nf5 7. fxe4 Nxh4 8. Qh5+ Ng6 9. dxc6 bxc6 10. Nc3 Qd4 11. Bd3 Qe3+ 12. Nge2 e5 13. Rf1 Be6 14. Rf3 Qg5 15. Qxg5 fxg5 16. g3 Bc5 17. O-O-O Rf8 18. Rxf8+ Nxf8 19. Kb1 Nd7 20. Nc1 Ke7 21. Nb3 Bb6 22. a4 a5 23. Nd2 Rf8 24. Rf1 Rxf1+ 25. Nxf1 h5 26. b3 g4 27. Nd1 Nf6 28. Nde3 g6 29. Kc1 Nh7 30. Kd2 Ng5 31. Ke2 Kf6 32. Nc4 Bxc4 33. bxc4 Bd4 34. Nd2 Bc3 35. Nb1 Bd4 36. Nd2 Ne6 37. Nb3 Bc3 38. Kf2 Ke7 39. c5 Bb4 40. Bc4 Ng5 41. Bd3 Kf6 42. Kg2 Nf3 43. Kh1 Ne1 44. Kg1 Kg5 45. Kf2 h4 46. gxh4+ Kxh4 0-1

[Event "December 5 Early 2023"]
[Site "https://www.chess.com"]
[Date "2023.12.05"]
[Round "11"]
[White "Andreikin, Dmitry"]
[Black "Drygalov, Sergey"]
[Result "1-0"]
[Board "2"]
[TimeControl "180+1"]
[WhiteFideId "4158814"]
[BlackFideId "24171743"]
[WhiteElo "3107"]
[BlackElo "2987"]
[WhiteTeam "FID"]
[BlackTeam "RUS"]
[WhiteClock "0:00:04"]
[BlackClock "0:00:00"]

1. d4 d5 2. c4 c6 3. Nf3 Nf6 4. Qc2 e6 5. Nbd2 Nbd7 6. g3 b6 7. Bg2 Bb7 8. O-O c5 9. b3 Be7 10. Bb2 O-O 11. Rad1 Rc8 12. Qb1 Qc7 13. dxc5 Nxc5 14. Be5 Bd6 15. Bxf6 gxf6 16. Nh4 dxc4 17. Nxc4 Be7 18. Qc1 b5 19. Nd2 Bxg2 20. Nxg2 Nd7 21. Qa1 Qc3 22. Qxc3 Rxc3 23. Ne4 Rc7 24. Nf4 f5 25. Nd6 a6 26. Rd2 Nf6 27. Rfd1 Rd8 28. Nxf5 Rxd2 29. Nxe7+ Kf8 30. Rxd2 Kxe7 31. f3 Rc1+ 32. Kf2 a5 33. Nd3 Rc3 34. Ne5 Rc5 35. Nd3 Rc3 36. e4 Nd7 37. Ke2 b4 38. h4 Nb6 39. h5 h6 40. g4 a4 41. Nxb4 axb3 42. axb3 Rxb3 43. Nc6+ Kf6 44. Nd4 Ra3 45. f4 Nc4 46. e5+ Kg7 47. Rc2 Ne3 48. Rc7 Kg8 49. Rc8+ Kg7 50. Rc7 Kg8 51. Nb5 Rb3 52. Nd6 Nxg4 53. Rxf7 Re3+ 54. Kd2 Rf3 55. Ke2 Rf2+ 56. Ke1 Rf3 57. Re7 Rxf4 58. Rxe6 Kg7 59. Rg6+ Kh7 60. e6 Nf6 61. e7 Ne8 62. Nxe8 Re4+ 63. Kf2 Rxe7 64. Nf6+ 1-0

[Event "December 5 Early 2023"]
[Site "https://www.chess.com"]
[Date "2023.12.05"]
[Round "11"]
[White "Le, Tuan Minh"]
[Black "Naroditsky, Daniel"]
[Result "0-1"]
[Board "3"]
[TimeControl "180+1"]
[WhiteFideId "12401153"]
[BlackFideId "2026961"]
[WhiteElo "3078"]
[BlackElo "3165"]
[WhiteTeam "VIE"]
[BlackTeam "USA"]
[WhiteClock "0:00:01"]
[BlackClock "0:00:18"]

1. d4 Nf6 2. c4 g6 3. g3 Bg7 4. Bg2 O-O 5. Nf3 d6 6. O-O Nbd7 7. Qc2 e5 8. Rd1 Qe7 9. Nc3 c6 10. e4 exd4 11. Nxd4 Nc5 12. Bf4 Rd8 13. h3 Nfd7 14. b4 Bxd4 15. Rxd4 Ne6 16. Rd3 Nxf4 17. gxf4 Nb6 18. c5 dxc5 19. Rxd8+ Qxd8 20. bxc5 Nd7 21. Ne2 Qe7 22. Rc1 Nf6 23. f5 Bd7 24. fxg6 hxg6 25. Ng3 Rd8 26. Qa4 a6 27. Qb3 Be6 28. Qb2 Rd3 29. Bf1 Rd7 30. a4 Nh7 31. Rc3 Qh4 32. Rd3 Rxd3 33. Bxd3 Ng5 34. Bf1 Bxh3 35. Qf6 Bg4 36. Qd8+ Kh7 0-1

[Event "December 5 Early 2023"]
[Site "https://www.chess.com"]
[Date "2023.12.05"]
[Round "11"]
[White "Henriquez Villagra, Cristobal"]
[Black "Bortnyk, Olexandr"]
[Result "0-1"]
[Board "4"]
[TimeControl "180+1"]
[WhiteFideId "3409350"]
[BlackFideId "14120828"]
[WhiteElo "3001"]
[BlackElo "3077"]
[WhiteTeam "CHI"]
[BlackTeam "UKR"]
[WhiteClock "0:00:18"]
[BlackClock "0:00:36"]

1. d4 d6 2. e4 Nf6 3. Nc3 Nbd7 4. f4 e5 5. Nf3 exd4 6. Nxd4 Nc5 7. Bd3 c6 8. h3 Qb6 9. Nb3 Be7 10. Nxc5 Qxc5 11. Qf3 d5 12. e5 Ne4 13. Nxe4 dxe4 14. Bxe4 Bh4+ 15. Kf1 Be6 16. g3 Be7 17. Kg2 Rd8 18. Be3 Qb4 19. b3 O-O 20. Rhd1 f5 21. exf6 Bxf6 22. Rab1 Rde8 23. c4 Qa5 24. Rd2 Rf7 25. Rbd1 Rfe7 26. Bb1 Bxh3+ 27. Kxh3 Rxe3 28. Qg4 h5 29. Qg6 h4 30. Qh7+ Kf8 31. Rd7 Rxg3+ 32. Kh2 Re2+ 33. Kh1 Rh3+ 34. Kg1 Qc5+ 35. R1d4 Bxd4+ 36. Kf1 Rf2+ 0-1

[Event "December 5 Early 2023"]
[Site "https://www.chess.com"]
[Date "2023.12.05"]
[Round "11"]
[White "Duda, Jan-Krzysztof"]
[Black "Matlakov, Maxim"]
[Result "0-1"]
[Board "5"]
[TimeControl "180+1"]
[WhiteFideId "1170546"]
[BlackFideId "4168003"]
[WhiteElo "3061"]
[BlackElo "3004"]
[WhiteTeam "POL"]
[BlackTeam "RUS"]
[WhiteClock "0:00:00"]
[BlackClock "0:00:21"]

1. e4 c5 2. Nf3 e6 3. c3 Nf6 4. d3 d5 5. e5 Nfd7 6. d4 Nc6 7. Be2 f6 8. Bf4 Qb6 9. Qd2 g5 10. Bg3 g4 11. Nh4 cxd4 12. Bxg4 Ndxe5 13. Bh5+ Kd8 14. O-O Bd7 15. Rd1 Nc4 16. Qf4 Be7 17. b3 e5 18. Qh6 Nd6 19. cxd4 Nxd4 20. Nc3 Be6 21. Kh1 Rc8 22. Ne2 N6f5 23. Nxf5 Nxf5 24. Qd2 Kc7 25. Nc3 Rhd8 26. Na4 Qb4 27. Qe2 Kb8 28. a3 Qxb3 29. Bxe5+ fxe5 30. Qxe5+ Rd6 31. Nb2 Qc3 32. Qe2 Nd4 33. Rxd4 Qxd4 34. Rd1 Qe4 35. Qd2 Rc2 36. Qh6 Rxb2 37. Bf3 Qg6 38. Qe3 Rb1 39. h3 Rxd1+ 40. Bxd1 Qe4 41. Qg3 a6 42. Kh2 Ka7 43. f4 d4 44. Bf3 Qe3 0-1